Map: Lightshade LE

Players

Erik - Winner!

  • Race: Zerg Zerg
  • League: Master

TerraN

  • Race: Terran Terran

Event: DreamHack SC2 Masters 2021 Summer

VOD

Have the link to the VOD?

Description

Time

  • Played on: May 20, 2021, 4:52 p.m.
  • Length: 21:14

All games in this series

Show
View Real Time Build Order
Export as new Build Order

Erik Zerg - Winner!

Build Orders: Hatch First, Muta Ling Bane 

Get SALT Encoding   

  12  0:00  Drone  
  13  0:12  Overlord  
  13  0:17  Drone  
  14  0:30  Drone x2  
  16  0:48  Hatchery  
  15  0:52  Drone  
  15  0:55  Drone  
  17  0:58  Drone  
  18  1:09  Extractor  
  17  1:13  Spawning Pool  
  17  1:17  Drone  
  17  1:20  Drone  
  18  1:28  Drone  
  19  1:39  Drone  
  20  1:50  Drone  
  21  2:01  Queen x2  
  21  2:02  Zergling x4  
  27  2:13  Hatchery  
  26  2:19  Overlord  
  26  2:21  Drone  
  27  2:25  Drone  
  28  2:30  Metabolic Boost  
  28  2:37  Drone x2  
  30  2:50  Queen  
  32  2:51  Overlord  
  32  2:53  Drone x2  
  32  2:55  Drone  
  35  2:58  Drone  
  35  3:05  Overlord  
  36  3:11  Drone  
  37  3:15  Drone  
  37  3:16  Drone  
  39  3:23  Drone x2  
  39  3:24  Drone  
  39  3:26  Queen  
  44  3:28  Queen  
  44  3:31  Overlord  
  46  3:36  Overlord  
  46  3:38  Drone x2  
  48  3:43  Queen  
  50  3:52  Zergling x4  
  50  3:53  Zergling x2  
  50  3:54  Drone x2  
  55  4:00  Drone x5  
  60  4:04  Queen  
  62  4:14  Overlord  
  62  4:15  Zergling x2  
  62  4:16  Zergling x4  
  65  4:17  Drone  
  65  4:20  Overlord  
  65  4:23  Spore Crawler  
  65  4:27  Spore Crawler  
  65  4:30  Drone x2  
  66  4:34  Drone x5  
  66  4:36  Drone  
  66  4:37  Spore Crawler  
  71  4:44  Lair  
  71  4:48  Extractor  
  71  4:50  Extractor  
  71  4:52  Zergling x8, Baneling Nest  
  71  4:59  Drone x5  
  72  5:04  Drone x5  
  70  5:12  Drone x2  
  69  5:14  Drone x3  
  69  5:15  Extractor  
  69  5:16  Drone  
  69  5:17  Drone x3  
  74  5:26  Drone x3  
  74  5:27  Evolution Chamber  
  76  5:29  Evolution Chamber  
  76  5:34  Extractor x2  
  73  5:36  Drone x2  
  73  5:38  Drone  
  76  5:44  Drone  
  76  5:45  Overseer  
  76  5:47  Drone x2  
  79  5:50  Drone  
  79  5:51  Centrifical Hooks, Drone  
  79  5:53  Zerg Melee Weapons Level 1  
  81  5:58  Hatchery  
  81  6:03  Overlord  
  80  6:04  Zergling x2  
  73  6:15  Zergling x4  
  73  6:16  Zergling x2  
  73  6:17  Drone x3  
  73  6:18  Drone x4  
  72  6:22  Drone  
  72  6:25  Drone x2  
  75  6:28  Drone  
  76  6:34  Drone x5  
  76  6:37  Queen  
  81  6:43  Zerg Ground Armor Level 1  
  81  6:48  Spire  
  81  6:49  Drone  
  81  6:52  Drone x2  
  83  7:01  Drone x4  
  83  7:02  Drone x2  
  89  7:08  Overlord  
  89  7:12  Overlord  
  89  7:24  Drone x2  
  89  7:25  Overlord, Drone x2  
  89  7:27  Zergling x10  
  98  7:30  Baneling x8  
  98  7:34  Zergling x10  
  103  7:44  Zergling x16  
  104  7:46  Pneumatized Carapace  
  111  7:55  Extractor  
  111  7:57  Extractor, Spore Crawler, Drone x2  
  111  7:58  Zergling x8  
  110  8:01  Baneling  
  110  8:02  Baneling x11  
  110  8:04  Hatchery  
  112  8:09  Zergling x10  
  112  8:10  Zergling x6  
  112  8:12  Zerg Flyer Weapons Level 1  
  120  8:13  Zerg Melee Weapons Level 2  
  120  8:19  Overlord  
  118  8:32  Overlord  
  118  8:39  Mutalisk  
  118  8:40  Mutalisk x4  
  128  8:41  Zerg Ground Armor Level 2  
  128  8:49  Overlord x2  
  128  8:50  Overlord  
  128  8:51  Overseer, Mutalisk  
  128  8:52  Mutalisk x3  
  128  8:55  Burrow  
  136  9:06  Overlord  
  135  9:13  Mutalisk x8  
  140  9:23  Zergling x16  
  140  9:24  Zergling x2  
  139  9:32  Baneling x2  
  139  9:44  Mutalisk x6  
  142  9:51  Zergling x24  
  147  9:55  Drone x3  
  147  9:56  Extractor  
  147  9:58  Drone x2  
  150  10:02  Drone x4  
  150  10:04  Drone  
  155  10:13  Baneling x2  
  155  10:14  Baneling x8  
  153  10:16  Baneling x10  
  153  10:17  Overseer  
  153  10:18  Overseer  
  153  10:21  Baneling x3  
  150  10:22  Zergling x6  
  150  10:23  Zergling x2  
  154  10:34  Spore Crawler  
  153  10:36  Zergling x10  
  153  10:37  Overlord x4  
  158  10:48  Zerg Flyer Weapons Level 2  
  158  10:49  Overlord x2  
  158  10:55  Zergling x18  
  158  11:08  Drone x5  
  158  11:09  Drone x6, Infestation Pit  
  158  11:10  Drone  
  169  11:25  Extractor, Spore Crawler  
  167  11:41  Drone x2  
  167  11:45  Zergling x2  
  167  11:46  Zergling x40  
  186  11:54  Hive  
  186  11:59  Drone  
  186  12:01  Spore Crawler, Pathogen Glands  
  185  12:10  Overlord  
  181  12:22  Mutalisk x2  
  181  12:23  Mutalisk x2  
  181  12:29  Overlord  
  185  12:45  Zergling x2  
  185  12:46  Zergling x28  
  193  13:06  Extractor, Zerg Flyer Weapons Level 3  
  193  13:09  Hatchery  
  193  13:11  Zerg Melee Weapons Level 3, Zerg Ground Armor Level 3  
  193  13:12  Adrenal Glands, Ultralisk Cavern  
  190  13:23  Overlord x2  
  190  13:28  Overlord  
  190  13:43  Overlord  
  190  13:51  Extractor  
  190  13:53  Extractor  
  184  13:58  Infestor x3  
  184  13:59  Infestor  
  192  14:05  Chitinous Plating  
  192  14:09  Baneling x2  
  191  14:10  Baneling x13  
  180  14:18  Ultralisk x3  
  193  14:27  Zergling x12  
  193  14:28  Zergling x30  
  194  14:34  Baneling x2  
  168  14:53  Drone x3  
  168  14:59  Ultralisk x4  
  199  15:00  Ultralisk  
  199  15:01  Spore Crawler  
  199  15:06  Hatchery  
  197  15:09  Spine Crawler  
  197  15:10  Spine Crawler x2  
  194  15:22  Overlord  
  194  15:24  Overseer  
  194  15:25  Overseer  
  182  15:48  Zergling x16  
  182  15:49  Zergling x6  
  193  15:51  Baneling x5  
  193  15:52  Baneling x17  
  193  15:59  Drone x6  
  193  16:02  Overseer  
  193  16:03  Overseer  
  188  16:12  Drone  
  183  16:45  Zergling x66  
  183  16:46  Zergling x4  
  175  17:03  Drone x12  
  175  17:05  Baneling x11  
  175  17:06  Baneling x11  
  177  17:18  Mutalisk  
  177  17:19  Mutalisk x10  
  193  17:40  Anabolic Synthesis  
  193  17:45  Greater Spire  
  193  17:54  Extractor  
  186  18:05  Mutalisk x8  
  185  18:08  Baneling  
  185  18:09  Baneling x8  
  199  18:32  Hatchery  
  198  18:36  Hatchery  
  176  19:10  Zerg Flyer Armor Level 1  
  176  19:14  Zergling x46  
  198  19:36  Zergling x8  
  200  19:39  Baneling x24  
  183  19:51  Zergling x48  
  183  19:52  Zergling x20  
  161  20:09  Ultralisk x3  
  175  20:20  Zergling x22  
  171  20:34  Ultralisk  
  189  20:37  Baneling x12  
  189  20:47  Hatchery  
Show
View Real Time Build Order
Export as new Build Order

TerraN Terran 

Build Orders: Reaper Expand, Hellion Banshee 

Get SALT Encoding   

  12  0:00  SCV  
  13  0:12  SCV  
  14  0:17  Supply Depot  
  14  0:25  SCV  
  15  0:39  SCV  
  15  0:40  Barracks  
  16  0:43  Refinery  
  16  0:51  SCV  
  17  1:03  SCV  
  18  1:15  SCV  
  19  1:28  Reaper, Orbital Command  
  20  1:39  Command Center  
  20  1:47  Supply Depot  
  20  1:53  SCV  
  21  1:59  Marine  
  22  2:05  SCV  
  23  2:08  Factory  
  23  2:11  Refinery  
  23  2:17  SCV  
  23  2:20  Barracks Reactor  
  24  2:29  SCV  
  25  2:41  SCV  
  26  2:54  SCV, Orbital Command, Starport  
  27  3:04  Hellion x2  
  31  3:06  SCV  
  31  3:10  Barracks Tech Lab  
  32  3:19  SCV  
  33  3:22  SCV  
  33  3:25  Hellion  
  33  3:26  Hellion  
  38  3:31  SCV  
  38  3:32  Supply Depot  
  39  3:34  SCV  
  39  3:37  Banshee  
  43  3:43  SCV  
  43  3:47  Hellion  
  46  3:53  SCV  
  46  3:54  Hellion  
  46  3:55  SCV  
  50  3:57  Supply Depot  
  50  3:59  Supply Depot  
  50  4:05  SCV  
  50  4:07  SCV  
  52  4:13  Hellion  
  54  4:19  SCV, Hellion, Liberator  
  60  4:24  Command Center  
  60  4:25  SCV  
  60  4:27  Barracks Tech Lab  
  60  4:31  SCV  
  62  4:33  Supply Depot  
  62  4:36  Hellion  
  64  4:40  SCV, Hellion  
  64  4:44  Supply Depot  
  67  4:46  SCV  
  63  5:00  SCV x2  
  63  5:02  Hellion x2  
  64  5:08  Barracks x2  
  64  5:12  SCV  
  64  5:13  Stimpack  
  63  5:18  SCV  
  63  5:21  Engineering Bay  
  60  5:22  Engineering Bay  
  60  5:23  Hellion x2  
  60  5:24  SCV  
  60  5:27  Refinery  
  60  5:28  Refinery  
  65  5:30  SCV  
  65  5:34  Starport Reactor  
  66  5:36  SCV, Orbital Command  
  66  5:37  Marine  
  68  5:43  SCV  
  68  5:48  SCV  
  68  5:49  Terran Infantry Armor Level 1, Terran Infantry Weapons Level 1  
  70  5:55  SCV  
  70  5:56  Barracks x2  
  71  5:58  Barracks Reactor  
  71  5:59  Barracks Reactor  
  71  6:00  Marine  
  68  6:12  SCV x2  
  68  6:17  Marine  
  65  6:20  Orbital Command  
  65  6:24  SCV  
  60  6:33  Siege Tank, Armory  
  60  6:35  Marine  
  60  6:38  Marine x4  
  60  6:39  Starport Reactor  
  69  6:40  SCV  
  69  6:41  SCV  
  70  6:50  SCV  
  70  6:52  SCV  
  70  6:53  Marine  
  70  6:54  SCV, Supply Depot  
  74  6:55  Marine  
  74  6:56  Marine  
  74  6:57  Combat Shield  
  74  6:58  Marine  
  74  6:59  Marine x3  
  80  7:02  SCV  
  80  7:04  SCV  
  80  7:05  Siege Tank, Supply Depot x2  
  80  7:06  SCV, Marine x2, Supply Depot  
  80  7:08  Supply Depot  
  88  7:11  Marine  
  88  7:13  Marine  
  88  7:14  Marine  
  88  7:15  SCV  
  92  7:16  SCV, Marine x2, Refinery, Factory  
  92  7:17  Marine  
  92  7:18  SCV  
  92  7:21  Medivac x2  
  101  7:24  Missile Turret  
  101  7:25  Missile Turret  
  101  7:27  Missile Turret  
  101  7:28  Marine x3  
  101  7:29  Drilling Claws  
  104  7:31  Marine x2  
  106  7:38  Marine x2  
  106  7:41  Marine  
  106  7:43  Bunker  
  109  7:46  Supply Depot  
  109  7:47  Marine  
  109  7:49  Marine  
  109  7:50  Supply Depot  
  111  7:52  Supply Depot  
  111  7:55  Marine x3  
  114  7:58  Siege Tank  
  114  8:01  Marine x4  
  114  8:05  Marine  
  122  8:11  Marine  
  123  8:13  Marine x2  
  123  8:18  Command Center  
  124  8:27  Marine x2  
  124  8:29  Factory Reactor  
  124  8:30  SCV x2  
  124  8:31  Marine x2  
  124  8:32  Marine  
  124  8:33  Medivac  
  124  8:34  Medivac  
  135  8:35  Marine x2  
  135  8:36  Marine x2  
  135  8:41  Widow Mine  
  141  8:44  Terran Infantry Armor Level 2  
  141  8:45  Marine x2  
  141  8:46  Barracks x2  
  141  8:47  Barracks  
  143  8:49  Terran Infantry Weapons Level 2  
  143  8:50  Marine x2  
  143  8:51  Marine  
  143  8:53  Marine  
  147  9:00  Marine x2  
  149  9:08  Marine x3  
  149  9:09  Thor  
  162  9:10  Widow Mine x2  
  157  9:17  Marine x2  
  157  9:19  Marine x3  
  157  9:23  Marine  
  156  9:24  Medivac x2  
  156  9:26  Marine x3  
  162  9:35  Marine x2  
  162  9:37  Marine x3  
  167  9:40  Marine  
  167  9:43  Marine  
  167  9:44  Marine x2  
  139  9:53  Marine x2  
  139  9:54  Medivac  
  139  9:55  Marine x3  
  139  9:59  Widow Mine x2, Marauder  
  150  10:00  Widow Mine  
  150  10:01  Marine x2  
  150  10:02  Marine  
  150  10:04  Medivac  
  155  10:11  Marine x2  
  155  10:12  Marine  
  155  10:13  Marine x2  
  148  10:19  Marine x2  
  149  10:22  Missile Turret  
  149  10:23  Marine x2  
  149  10:24  Medivac  
  153  10:28  Marine  
  153  10:29  Terran Vehicle Weapons Level 1  
  153  10:31  Barracks Tech Lab x2  
  153  10:33  Thor  
  153  10:34  Widow Mine x2, Marine x2, Medivac  
  168  10:40  Planetary Fortress  
  168  10:41  SCV x2  
  170  10:45  Sensor Tower  
  170  10:49  Marine x2  
  172  10:52  Marine x5  
  173  11:02  Marine x2  
  173  11:03  Marine x3  
  168  11:06  Widow Mine x2  
  168  11:07  Marine  
  171  11:17  Terran Infantry Armor Level 3  
  171  11:18  Terran Infantry Weapons Level 3  
  171  11:19  Marine  
  171  11:21  Marauder  
  171  11:22  SCV x2  
  171  11:23  SCV x2  
  178  11:32  Sensor Tower, Missile Turret  
  178  11:33  Marine x2  
  180  11:43  Supply Depot x2  
  180  11:44  Supply Depot  
  180  11:46  Marine  
  180  11:47  SCV, Marine x2  
  180  11:48  Marine  
  180  11:49  SCV, Marine  
  180  11:54  Barracks Tech Lab  
  180  12:04  Marine x5  
  180  12:05  Widow Mine  
  185  12:11  Marine  
  185  12:17  Marine x3  
  185  12:18  Marine x2, Marauder  
  185  12:20  Widow Mine x2  
  185  12:22  Marine x2  
  196  12:30  Marine, Supply Depot  
  196  12:31  Marine, Supply Depot  
  196  12:32  Medivac  
  196  12:33  Marine, Medivac  
  196  12:35  Widow Mine  
  196  12:36  Terran Vehicle Weapons Level 2  
  195  12:38  Supply Depot  
  195  12:40  Marine  
  195  12:41  Widow Mine  
  195  12:50  Marine  
  194  12:53  Marine  
  194  12:56  Marine x3, Marauder  
  194  12:57  Marine  
  193  12:59  Marine  
  193  13:01  Command Center  
  193  13:02  Supply Depot x2, Medivac  
  193  13:03  Marine, Supply Depot  
  193  13:04  SCV, Marine  
  199  13:14  Marine  
  200  13:27  Missile Turret, Command Center  
  200  13:28  Sensor Tower, Missile Turret  
  200  13:29  Marine  
  199  13:48  Command Center  
  199  13:53  Missile Turret  
  199  13:54  Missile Turret, Hi-Sec Auto Tracking  
  199  13:57  Neosteel Armor  
  199  13:58  Ghost Academy, Marine  
  179  14:18  Marine, Marauder  
  179  14:22  Marine x2  
  179  14:23  Marauder  
  177  14:25  Marine x5, Marauder  
  177  14:26  Marauder  
  177  14:27  Widow Mine x2, Thor  
  177  14:29  Medivac x2  
  181  14:35  Marine  
  180  14:39  Marauder  
  180  14:40  Marine  
  153  14:45  Marine x2  
  153  14:46  Marauder  
  153  14:48  Widow Mine  
  153  14:49  Widow Mine  
  153  14:51  Marine  
  141  14:55  Marine  
  141  14:59  Medivac x2, Missile Turret  
  143  15:02  Orbital Command x2  
  143  15:05  Marauder  
  145  15:08  Marine x2  
  145  15:09  Marine x2  
  145  15:11  Marine  
  145  15:13  Marine  
  145  15:14  Marine  
  151  15:15  Missile Turret  
  151  15:16  Marine  
  148  15:24  Marine  
  149  15:29  Marine x2, Medivac x2  
  149  15:30  Widow Mine, Marine  
  149  15:33  Marauder  
  155  15:42  Planetary Fortress  
  155  15:44  Marine  
  155  15:45  Missile Turret  
  155  15:46  Missile Turret  
  155  15:48  Marine, Marauder  
  159  15:50  Marine  
  159  15:51  Marine  
  159  15:53  Widow Mine  
  163  15:58  Ghost x2  
  163  16:03  Ghost  
  169  16:09  Ghost  
  171  16:17  Widow Mine x2  
  171  16:19  Marine  
  171  16:25  Refinery, Command Center  
  170  16:28  Marauder  
  170  16:29  Missile Turret  
  170  16:32  Missile Turret  
  170  16:33  Marine  
  169  16:42  Ghost  
  166  16:49  Ghost  
  155  16:55  Marine x2, Marauder  
  156  17:01  Marine, Orbital Command  
  156  17:02  Marauder  
  156  17:04  Marine  
  156  17:05  Marine x2  
  156  17:08  Marine x2  
  161  17:11  Marauder  
  161  17:13  Marine x2  
  165  17:17  Marauder  
  165  17:21  Widow Mine x3  
  165  17:22  Medivac  
  175  17:25  Marine  
  175  17:26  Marine, Marauder  
  175  17:28  Refinery  
  175  17:29  Command Center  
  171  17:30  Marine x2  
  171  17:31  Marauder, Refinery  
  173  17:37  Marine x2  
  173  17:38  Marauder, Orbital Command  
  173  17:41  Refinery  
  177  17:47  Widow Mine x3, Medivac  
  185  17:52  Orbital Command  
  185  17:56  Marine  
  185  17:57  Marine, Marauder  
  183  17:59  Marine x2, Marauder  
  183  18:01  Marine, Marauder  
  190  18:07  Bunker  
  190  18:09  Ghost  
  192  18:16  Missile Turret  
  192  18:25  Ghost  
  194  18:29  Ghost  
  194  18:31  Ghost  
  190  18:35  Marine x2  
  190  18:39  Sensor Tower, Missile Turret  
  190  18:40  Widow Mine x2  
  194  18:44  Widow Mine  
  190  18:51  Marine x2, Marauder  
  190  18:54  Marine, Marauder  
  180  18:58  Marine x2  
  180  19:00  Marine, Marauder  
  180  19:01  Widow Mine  
  182  19:08  Ghost  
  180  19:12  Widow Mine x2  
  183  19:23  Ghost  
  173  19:26  Ghost  
  173  19:29  Widow Mine  
  177  19:33  Widow Mine, Marine  
  177  19:34  Marauder  
  175  19:47  Marine x2, Orbital Command, Marauder  
  149  19:53  Marauder  
  149  19:54  Marine  
  128  20:02  Marine  
  111  20:12  Marine  
  111  20:13  Marauder  
  108  20:14  Marine  
  100  20:21  Orbital Command  
  100  20:27  Marine  
  100  20:28  Marauder  
  100  20:36  Marine x3  
  100  20:37  Marine  
  100  20:39  Marine  
  105  20:47  Bunker, Marine  
  105  20:49  Marine  
  103  20:50  Marine  
  103  20:52  Marine  
Tags
 
Add a new tag
Caveats
  • Supply blocks, unpowered buildings, or Contaminate may cause inaccurate times.
  • Supply counts are checked every 10 seconds.